 Dungeon Crawl Stone Soup version 0.26-b1-32-g5d43845318 (webtiles) character file.

Game seed: 18272553487725947176

518 Borgoz the Cudgeller (level 7, 0/44 HPs)
             Began as a Gargoyle Berserker on Jan 11, 2021.
             Was a Priest of Trog.
             Slain by an ogre
             ... wielding a cursed +0 giant spiked club
              (21 damage)
             ... on level 4 of the Dungeon.
             The game lasted 00:03:27 (3687 turns).

Borgoz the Cudgeller (Gargoyle Berserker)           Turns: 3687, Time: 00:03:27

Health: 0/44       AC: 11    Str: 21    XL:     7   Next: 21%
Magic:  7/7        EV: 12    Int:  7    God:    Trog [***...]
Gold:   211        SH:  0    Dex: 11    Spells: 6/6 levels left

rFire    . . .     SeeInvis .   f - +0 flail
rCold    . . .     Faith    .   (no shield)
rNeg     + . .     Spirit   .   d - +0 ring mail
rPois    ∞         Reflect  .   (no helmet)
rElec    +         Harm     .   (no cloak)
rCorr    .         Rampage  .   e - +0 pair of gloves
Will     .....                  (no boots)
Stlth    +.........             (no amulet)
HPRegen  0.14/turn              (no ring)
MPRegen  0.10/turn              (no ring)

@: berserk cooldown, slowed, very slow
A: negative energy resistance 1, electricity resistance, unbreathing,
petrification resistance, miasma immunity, AC +4
a: Renounce Religion, Berserk, Trog's Hand


You were on level 4 of the Dungeon.
You worshipped Trog.
Trog was most pleased with you.
You visited 1 branch of the dungeon, and saw 4 of its levels.
You also visited: Sewer.

You collected 211 gold pieces.

Inventory:

Hand Weapons
 f - a +0 flail (weapon)
Armour
 d - a +0 ring mail (worn)
 e - a +0 pair of gloves (worn)
Scrolls
 a - a scroll of random uselessness {unknown}
 c - 2 scrolls of enchant weapon {unknown}
 i - a scroll of amnesia {unknown}
 j - a scroll of blinking {unknown}
 k - 2 scrolls of enchant armour {unknown}
 l - 2 scrolls of remove curse {unknown}
 m - 2 scrolls of fear {unknown}
 t - 2 scrolls of identify
Potions
 b - 4 potions of heal wounds
 g - a potion of ambrosia
 h - 2 potions of invisibility
 n - a potion of magic
 o - 6 potions of curing {unknown}
 p - a potion of flight {unknown}
 q - 2 potions of brilliance {unknown}
 r - a potion of might {unknown}
 s - a potion of haste {unknown}


   Skills:
 + Level 4.5 Fighting
 * Level 5.2 Maces & Flails
 + Level 4.0 Armour
 * Level 3.9 Dodging


You had 6 spell levels left.
You didn't know any spells.
Your spell library was empty.

Dungeon Overview and Level Annotations

Branches:
Dungeon (4/15)              Sewer (visited)
 Temple: D:4-7

Altars:
Ashenzari
Dithmenos
Elyvilon
Wu Jian
Yredelemnul


Innate Abilities, Weirdness & Mutations

You are resistant to torment.
Your stone body is resilient. (AC +4)
You are immune to poison.
You resist negative energy. (rN+)
You are resistant to electric shocks. (rElec)
You can survive without breathing.
You are immune to petrification.
You are immune to miasma.


Message History

You start resting.
You feel a strong urge to attack something.
You start resting.
You are no longer berserk.
You are exhausted.
You feel yourself slow down.
You start resting.
HP restored.
An ogre comes into view. It is wielding a +0 giant spiked club.
You hit the ogre.
The ogre is lightly wounded.
The ogre hits you with a cursed +0 giant spiked club.
You barely miss the ogre.
The ogre is lightly wounded.
The ogre hits you with a cursed +0 giant spiked club!
You barely miss the ogre.
The ogre is lightly wounded.
The ogre hits you with a cursed +0 giant spiked club!
The ogre hits you with a cursed +0 giant spiked club!!
You die...

### .... .# #.#
.....#### ..# #.#
......O?# ..# #.#
#@##..# . #.#
##.<...##. #.#
##..>...... #.#
#.......### #.#
#.......# #.##
#.......# ...##
##<....##
###.############...##
# ##.##....>..###.##


You could see an ogre.

Vanquished Creatures
  A phantom (D:4)
  3 big kobolds (Sewer)
  A howler monkey (D:3)
  A gnoll (D:1)
  7 river rats
  4 oozes
  2 worms
  2 dart slugs
  An orc (D:3)
  6 ball pythons
  3 giant cockroaches
  4 hobgoblins
  4 jackals (D:1)
  2 quokkas
  A bat (D:3)
  3 frilled lizards
  7 goblins
  15 kobolds
  A quokka skeleton (D:4)
  24 rats
92 creatures vanquished.

Notes
Turn   | Place    | Note
-------+----------+-------------------------------------------
     0 | D:1      | Borgoz the Gargoyle Berserker began the quest for the Orb.
     0 | D:1      | Reached XP level 1. HP: 14/14 MP: 1/1
   140 | D:1      | Reached XP level 2. HP: 6/19 MP: 2/2
   615 | D:1      | Reached XP level 3. HP: 23/23 MP: 3/3
   683 | D:1      | Reached ** piety under Trog
   904 | D:2      | Found a basalt altar of Yredelemnul.
  1286 | D:2      | Found a broken altar of Ashenzari.
  1533 | D:3      | Reached XP level 4. HP: 29/29 MP: 4/4
  1601 | D:3      | Found a glowing drain.
  1797 | Sewer    | Entered a sewer
  1833 | Sewer    | Reached skill level 4 in Maces & Flails
  1919 | Sewer    | Reached XP level 5. HP: 27/33 MP: 5/5
  1987 | Sewer    | Noticed a big kobold
  1995 | Sewer    | Killed a big kobold
  2047 | Sewer    | Reached *** piety under Trog
  2048 | Sewer    | Reached XP level 6. HP: 26/38 MP: 6/6
  2533 | Sewer    | Reached skill level 5 in Maces & Flails
  3281 | D:3      | Found an ornate altar of the Wu Jian Council.
  3337 | D:3      | Found a white marble altar of Elyvilon.
  3590 | D:4      | Found a shadowy altar of Dithmenos.
  3648 | D:4      | Noticed a phantom
  3669 | D:4      | Killed a phantom
  3670 | D:4      | Reached XP level 7. HP: 44/44 MP: 7/7
  3687 | D:4      | Slain by an ogre

Illustrated notes

Levels and vault maps discovered:
D:1:      lemuel_arrival_rhombus, layout_basic
D:2:      layout_basic, ashenzari_altar_1, yredelemnul_altar_generic
D:3:      layout_basic, lemuel_round_altar, cheibrodos_sewer_entry_sluice,
          elyvilon_altar_1
D:4:      layout_loops_cross, minmay_temple_entry_slanted,
          grunt_dithmenos_smoke_and_mirrors

Skill      XL: |  1  2  3  4  5  6 |
---------------+-------------------+-----
Dodging        | 2 3 |  3.9
Armour         | 3 4 |  4.0
Maces & Flails | 4 5 |  5.2
Fighting       | 4 |  4.5

Action                   |  1- 3 |  4- 6 |  7- 9 || total
-------------------------+-------+-------+-------++-------
Melee: Mace              |    33 |       |       ||    33
       Flail             |    56 |   193 |     3 ||   252
Invok: Berserk           |       |     2 |       ||     2
  Use: Scroll            |     2 |     2 |       ||     4
Armor: Animal skin       |    11 |       |       ||    11
       Ring mail         |    25 |   134 |       ||   159
Dodge: Dodged            |    74 |   217 |       ||   291
